cohdb
Replays
Latest Replays
All Replays
Popular Replays
Top Player Replays
Match Explorer
How It Works
Community
CoH3 Stats
Reddit
Sign in to upload your games and track your stats! →
Sign in with Steam
Match 42636324
Unlisted
Match 42636324
Overview
Messages
Build Orders
End
Selects Panzerjäger Kommand Battlegroup
Kradschützen Motorcycle Team
Panzerpioneer Squad
Construct Light Support Kompanie
Assault Grenadier Squad
Selects Mine Fields
Assault Grenadier Squad
Panzerjäger Squad
Assault Grenadier Squad
2.5-tonne Medical Truck
Construct Mechanized Kompanie
Panzerjäger Squad
Construct Panzerarmee Kommand
Walking Stuka Rocket Launcher
Selects Defensive Positions
Selects Butterfly Bomb Drop
Butterfly Bomb Drop
Cpt Racks
CommieRed
Thank You Chef
Esteban Gonzalez
MyVirtualChess
HolyMolyEmpire
0
0
Comments
sign in to comment!
No comments posted yet!